Unix xNetHack Version 8.0.0 - last build Mar 23 2024 02:42:02 (1964348d4f5f1cf1067ea9968e02252fcc83c468). Game began 2024-04-28 12:28:54, ended 2024-04-28 14:55:43. Okoto, lawful female human Valkyrie ----- #####-...| # |.!<| --------- # |...| u@#####|........%## ....| #|.......| |...| #|......>| --.-- #|.......| ##........| #|.......| --------- Okoto the Fighter St:16 Dx:18 Co:18 In:7 Wi:9 Ch:8 Lawful S:7002 Dlvl:9 $:540 HP:0(77) Pw:27(27) AC:-2 Xp:8/1513 T:4982 Latest messages: You are beginning to feel hungry. You destroy the elf zombie! You already found a monster. Use 'm' prefix to force another search. You hit the elf zombie! You gore the elf zombie! The elf zombie scratches you! You gore the elf zombie. You destroy the elf zombie! You see here a tiger corpse. There is a tiger corpse here; eat it? [ynq] (n) y This tiger corpse tastes terrible! You no longer feel hungry. You finish eating the tiger corpse. You see here 2 food rations. n - 2 food rations {40} (3 in total). The gray unicorn misses! The gray unicorn misses! You gore the gray unicorn! The gray unicorn butts! The gray unicorn misses! You hit the gray unicorn! The gray unicorn butts! Your silver plate mail blocks the gray unicorn's attack. The gray unicorn butts! The gray unicorn kicks! You gore the gray unicorn. The gray unicorn misses! The gray unicorn kicks! The gray unicorn butts! Your elven helm blocks the gray unicorn's attack. You hit the gray unicorn! The gray unicorn turns to flee. Your small shield deflects the gray unicorn's attack. Your small shield blocks the gray unicorn's attack. The gray unicorn butts! The gray unicorn misses! You hit the gray unicorn! The gray unicorn butts! The gray unicorn kicks! You impale the gray unicorn! The gray unicorn butts! The gray unicorn just misses! Nothing happens. The gray unicorn butts! You die... Do you want your possessions identified? [ynq] (y) n Do you want to see your attributes? [ynq] (y) n Do you want an account of creatures vanquished? [ynaq] (y) n Do you want to see your conduct and achievements? [ynq] (y) n Do you want to see the dungeon overview? [ynq] (y) n Inventory: Inventory: 836/900 weight (41/52 slots) Coins $ - 540 gold pieces {5} Weapons k - 6 +0 darts {6} a - a +0 dagger (alternate weapon; not wielded) {10} G - 3 +0 silver daggers {33} W - a +1 spear (weapon in hand) {30} Armor H - an uncursed +0 elven helm (being worn) {3} D - a blessed +0 pair of wooden dwarvish boots {18} B - an uncursed +0 pair of levitation boots {15} f - a cursed -1 pair of low boots named cursed {10} S - an uncursed +3 small shield (being worn) {23} C - an uncursed +0 cloak of protection {10} A - an uncursed +0 silver plate mail (being worn) {380} Comestibles n - 3 uncursed food rations {60} Y - an uncursed food ration {20} u - 2 uncursed tripe rations {20} v - 4 uncursed tripe rations {40} e - an uncursed lichen corpse {20} Scrolls K - an uncursed scroll of destroy armor {5} y - an uncursed scroll of enchant armor {5} b - an uncursed scroll of enchant weapon {5} q - an uncursed scroll of enchant weapon {5} Q - 3 uncursed scrolls of identify {15} d - an uncursed scroll of scare monster {5} Rings N - a cursed -2 ring of carrying {3} z - an uncursed +1 ring of increase damage {3} r - an uncursed ring of regeneration {3} Wands O - a wand of create monster (0:11) {7} Z - a wand of lightning (0:0) {7} R - a wand of sleep (0:4) {7} Tools s - an uncursed lock pick {4} U - an uncursed lock pick {4} x - an uncursed magic lamp {20} w - an uncursed pea whistle {3} E - an uncursed skeleton key {3} l - a +0 unicorn horn {20} Gems/Stones T - an uncursed worthless piece of black glass {1} V - an uncursed worthless piece of blue glass {1} j - 3 uncursed worthless pieces of green glass {3} F - an uncursed worthless piece of orange glass {1} X - an uncursed worthless piece of white glass {1} o - a cursed worthless piece of yellow glass {1} g - an uncursed worthless piece of yellowish brown glass {1} Okoto the Valkyrie's attributes: Background: You were a Fighter, a level 8 human Valkyrie. You were lawful, on a mission for Tyr who was opposed by Odin (neutral) and Loki (chaotic). You were heterosexual. You were in the Dungeons of Doom, on level 9. You entered the dungeon 4982 turns ago. You had 1513 experience points, 1047 more were needed to attain level 9. Your score was 7002 before end-of-game adjustments. Basics: You had 0 out of 77 hit points. You had all 27 energy points (spell power). Your armor class was -2. Your wallet contained 540 zorkmids. Autopickup was off. Final Characteristics: Your strength was 16 (limit:18/100). Your dexterity was 18 (limit:18). Your constitution was 18 (limit:18). Your intelligence was 7 (limit:18). Your wisdom was 9 (limit:18). Your charisma was 8 (limit:18). Final Status: You were not hungry. You were unencumbered. You were wielding a spear. You were skilled in spear and could have enhanced that. Final Attributes: You were piously aligned. You were cold resistant. You were stealthy. You were guarded. You were fast. You are dead. Miscellaneous: You encountered 2 bones levels. Total elapsed playing time was 1 hour, 30 minutes and 39 seconds. Major events: Turn 1: Okoto the lawful human Valkyrie entered the dungeon 544: entered the Gnomish Mines 855: attained the rank of Skirmisher (level 3) 1633: reached Mine Town 1838: attained the rank of Fighter (level 6) 4320: destroyed DragonSidedD's ghost, the former Student of Stones 4982: killed by a gray unicorn Vanquished creatures: 2 small mimics a large dog a tiger a python an ettin zombie a quivering blob a winter wolf cub a panther 3 leprechauns an iron piercer a Green-elf 2 dingoes a dog a jaguar a gray unicorn a ghost a rope golem a fire ant an imp a bugbear a Mordor orc a rock mole a fog cloud a violet fungus 3 gnome leaders a gnomish wizard 4 elf zombies 3 giant ants a little dog a floating eye a kitten a dwarf a homunculus 7 hill orcs a centipede 2 giant bats 29 gnomes a gnome zombie 2 geckos 5 jackals a fox 2 kobolds 2 goblins a sewer rat 10 grid bugs 3 lichens a kobold zombie 4 newts 115 creatures vanquished. No species were genocided or became extinct. Voluntary challenges: You read items or engraved 3 times. You never genocided any monsters. You never polymorphed an object. You never changed form. You never touched an artifact. You used no wishes. You never scared an enemy with impunity. You were celibate. You never generated conflict. Achievements: You entered the Gnomish Mines. You attained the rank of Skirmisher. You entered Minetown. You entered a temple. You entered a shop. You attained the rank of Fighter. Dungeon overview: The Dungeons of Doom: levels 1 to 9 Level 1: Level 2: Stairs down to The Gnomish Mines. Level 3: A scroll shop. Level 4: A fountain. Level 5: A general store, some graves. Final resting place for DragonSidedD-Mon-Hum-Mal-Cha, killed by a winter wolf cub. Level 6: A fountain. Level 7: Final resting place for DragonSidedD-Mon-Hum-Mal-Cha, killed by a panther. Level 8: A fountain. Level 9: <- You were here. Final resting place for you, killed by a gray unicorn. The Gnomish Mines: levels 3 to 6 Level 3: Level 4: Level 5: Level 6: Many shops, a temple, some fountains. Game over: __________ / \ / REST \ / IN \ / PEACE \ / \ | Okoto | | 540 Au | | killed by a gray | | unicorn | | | | | | 2024 | *| * * * | * _________)/\\_//(\/(/\)/\//\/|_)_______ Farvel Okoto the Valkyrie... You died in The Dungeons of Doom on dungeon level 9 with 6948 points, and 540 pieces of gold, after 4982 moves. You were level 8 with a maximum of 77 hit points when you died.